ITL
TUSCALOOSA TROUT SLAYERS @ HAVANA ROLLERS
08/27/2027
 
TOP OF THE 1ST
Tuscaloosa Trout Slayers batting - Pitching for Havana Rollers : RHP Fernando Castillo
Pitching: RHP Fernando Castillo
Batting: RHB Lowie van den Bogaert 0-0: Foul Ball, location: 2F
0-1: Ball
1-1: Foul Ball, location: 2F
1-2: Ball
2-2: Foul Ball, location: 2F
2-2: SINGLE (Line Drive, 89M)
Batting: RHB Pat Fullerton 0-0: Ball
Lowie van den Bogaert steals 2nd base
1-0: SINGLE (Line Drive, 56D)
Lowie van den Bogaert to third
Batting: LHB António Cedeño 0-0: Ball
1-0: Foul Ball, location: 2F
1-1: Fly out, F9 (Line Drive, 9LD)
Runner from 3rd tags up, SCORES, no throw
Batting: RHB Ben Morton 0-0: Called Strike
0-1: Foul Ball, location: 2F
0-2: Fly out, F3 (Popup, 3L)
Batting: LHB Marcos Villarreal 0-0: Swinging Strike
0-1: Ball
1-1: Ball
Pat Fullerton is caught stealing 2nd base
Top of the 1st over - 1 run(s), 2 hit(s), 0 error(s), 0 left on base; Tuscaloosa 1 - Havana 0
BOTTOM OF THE 1ST
Havana Rollers batting - Pitching for Tuscaloosa Trout Slayers : RHP Fernando Rodríguez
Pitching: RHP Fernando Rodríguez
Batting: LHB Rafael Delgado 0-0: Swinging Strike
0-1: Foul Ball, location: 2F
0-2: Strikes out swinging
Batting: RHB Jack Bailey 0-0: Bunt missed!
0-1: Ball
1-1: Called Strike
1-2: Foul Ball, location: 2F
1-2: Ball
2-2: Fly out, F9 (Flyball, 9S)
Batting: SHB Chris Bennis 0-0: Ground out U3 (Groundball, 34S)
Bottom of the 1st over - 0 run(s), 0 hit(s), 0 error(s), 0 left on base; Tuscaloosa 1 - Havana 0
TOP OF THE 2ND
Tuscaloosa Trout Slayers batting - Pitching for Havana Rollers : RHP Fernando Castillo
Batting: LHB Marcos Villarreal 0-0: Ball
1-0: Swinging Strike
1-1: SINGLE (Flyball, 8RS)
Batting: LHB Ed Hart 0-0: Called Strike
0-1: Ball
1-1: Ball
2-1: Swinging Strike
2-2: Ball
3-2: Grounds into double play, 5-4-3 (Groundball, 56)
Batting: RHB José Ortega 0-0: Called Strike
0-1: Ground out 5-3 (Groundball, 5S)
Top of the 2nd over - 0 run(s), 1 hit(s), 0 error(s), 0 left on base; Tuscaloosa 1 - Havana 0
BOTTOM OF THE 2ND
Havana Rollers batting - Pitching for Tuscaloosa Trout Slayers : RHP Fernando Rodríguez
Batting: LHB Enrique Cortéz 0-0: Called Strike
0-1: Ball
1-1: Foul Ball, location: 2F
1-2: Ball
2-2: Strikes out looking
Batting: LHB Phil Smith 0-0: Ball
1-0: Foul Ball, location: 2F
1-1: Ball
2-1: Ball
3-1: Foul Ball, location: 2F
3-2: SOLO HOME RUN (Flyball, 9D), Distance : 378 ft
Batting: RHB Chad Case 0-0: Swinging Strike
0-1: Ball
1-1: Swinging Strike
1-2: Strikes out swinging
Batting: RHB Francisco Rincón 0-0: Ball
1-0: Ball
2-0: Called Strike
2-1: Ground out U3 (Groundball, 34)
Bottom of the 2nd over - 1 run(s), 1 hit(s), 0 error(s), 0 left on base; Tuscaloosa 1 - Havana 1
TOP OF THE 3RD
Tuscaloosa Trout Slayers batting - Pitching for Havana Rollers : RHP Fernando Castillo
Batting: RHB Shigemasa Ishida 0-0: Ball
1-0: Swinging Strike
1-1: Ball
2-1: Ball
3-1: Called Strike
3-2: Strikes out looking
Batting: RHB Tetsunori Ito 0-0: Fly out, F6 (Line Drive, 6)
Batting: RHB Lowie van den Bogaert 0-0: Called Strike
0-1: Ball
1-1: SINGLE (Line Drive, 89S)
Batting: RHB Pat Fullerton 0-0: Called Strike
0-1: Ball
1-1: Ball
2-1: Ground out 6-3 (Groundball, 6MS)
Top of the 3rd over - 0 run(s), 1 hit(s), 0 error(s), 1 left on base; Tuscaloosa 1 - Havana 1
BOTTOM OF THE 3RD
Havana Rollers batting - Pitching for Tuscaloosa Trout Slayers : RHP Fernando Rodríguez
Batting: LHB Dave Gordon 0-0: Ball
1-0: Ball
2-0: Foul Ball, location: 2F
2-1: Fly out, F7 (Flyball, 7S)
Batting: LHB Juan Romero 0-0: Called Strike
0-1: Ball
1-1: SINGLE (Groundball, 6M) (infield hit)
Batting: LHB Rafael Delgado 0-0: Called Strike
0-1: Ball
1-1: Ball
2-1: Ball
3-1: Fly out, F8 (Flyball, 78M)
Batting: RHB Jack Bailey 0-0: Ball
1-0: Called Strike
1-1: Called Strike
1-2: Ball
2-2: SINGLE (Line Drive, 5D)
Juan Romero to second
Batting: SHB Chris Bennis 0-0: Called Strike
0-1: Foul Ball, location: 2F
0-2: Ball
1-2: Strikes out swinging
Bottom of the 3rd over - 0 run(s), 2 hit(s), 0 error(s), 2 left on base; Tuscaloosa 1 - Havana 1
TOP OF THE 4TH
Tuscaloosa Trout Slayers batting - Pitching for Havana Rollers : RHP Fernando Castillo
Batting: LHB António Cedeño 0-0: Hit by Pitch
Batting: RHB Ben Morton 0-0: Ball
1-0: Fly out, F9 (Flyball, 9)
Batting: LHB Marcos Villarreal 0-0: Ball
1-0: Foul Ball, location: 2F
1-1: Fly out, F8 (Flyball, 78D)
Batting: LHB Ed Hart 0-0: Ball
António Cedeño is caught stealing 2nd base
Top of the 4th over - 0 run(s), 0 hit(s), 0 error(s), 0 left on base; Tuscaloosa 1 - Havana 1
BOTTOM OF THE 4TH
Havana Rollers batting - Pitching for Tuscaloosa Trout Slayers : RHP Fernando Rodríguez
Batting: LHB Enrique Cortéz 0-0: Foul Ball, location: 2F
0-1: Ball
1-1: Called Strike
1-2: Foul Ball, location: 2F
1-2: Foul Ball, location: 2F
1-2: Ground out U3 (Groundball, 3L)
Batting: LHB Phil Smith 0-0: Called Strike
0-1: Fly out, F9 (Flyball, 9S)
Batting: RHB Chad Case 0-0: Ball
1-0: Foul Ball, location: 2F
1-1: SINGLE (Line Drive, 8LS)
Batting: RHB Francisco Rincón 0-0: Ball
1-0: Ball
2-0: Called Strike
2-1: Fielders Choice at 2nd, 4-6 (Groundball, 4)
Bottom of the 4th over - 0 run(s), 1 hit(s), 0 error(s), 0 left on base; Tuscaloosa 1 - Havana 1
TOP OF THE 5TH
Tuscaloosa Trout Slayers batting - Pitching for Havana Rollers : RHP Fernando Castillo
Batting: LHB Ed Hart 0-0: Called Strike
0-1: Foul Ball, location: 2F
0-2: Ball
1-2: Ball
2-2: SINGLE (Line Drive, 78S)
Batting: RHB José Ortega 0-0: Called Strike
0-1: Ball
1-1: Foul Ball, location: 2F
1-2: Strikes out swinging
Batting: RHB Shigemasa Ishida 0-0: Foul Ball, location: 2F
0-1: Ball
1-1: Swinging Strike
1-2: Strikes out swinging
Batting: RHB Tetsunori Ito 0-0: SINGLE (Groundball, 6D)
Ed Hart to second
Batting: RHB Lowie van den Bogaert 0-0: Called Strike
0-1: Ball
1-1: Foul Ball, location: 2F
1-2: Fly out, F7 (Flyball, 78M)
Top of the 5th over - 0 run(s), 2 hit(s), 0 error(s), 2 left on base; Tuscaloosa 1 - Havana 1
BOTTOM OF THE 5TH
Havana Rollers batting - Pitching for Tuscaloosa Trout Slayers : RHP Fernando Rodríguez
Batting: LHB Dave Gordon 0-0: SINGLE (Groundball, 34D)
Batting: LHB Juan Romero 0-0: SINGLE (Line Drive, 34D)
Dave Gordon to second
Batting: LHB Rafael Delgado 0-0: Ball
1-0: Foul Ball, location: 2F
1-1: SINGLE (Line Drive, 7LM)
Dave Gordon to third
Juan Romero to second
Batting: RHB Jack Bailey 0-0: Foul Ball, location: 2F
0-1: Foul Ball, location: 2F
0-2: Strikes out swinging
Batting: SHB Chris Bennis 0-0: Ball
1-0: Grounds into fielders choice 6-2 (Groundball, 6)
Juan Romero to third
Rafael Delgado to second
Batting: LHB Enrique Cortéz 0-0: Called Strike
0-1: Ball
1-1: Called Strike
1-2: Ball
2-2: Ground out U3 (Groundball, 34S)
Bottom of the 5th over - 0 run(s), 3 hit(s), 0 error(s), 3 left on base; Tuscaloosa 1 - Havana 1
TOP OF THE 6TH
Tuscaloosa Trout Slayers batting - Pitching for Havana Rollers : RHP Fernando Castillo
Batting: RHB Pat Fullerton 0-0: Ball
1-0: Called Strike
1-1: Fly out, F5 (Popup, 5L)
Batting: LHB António Cedeño 0-0: Ground out 6-3 (Groundball, 6MS)
Batting: RHB Ben Morton 0-0: Ball
1-0: Swinging Strike
1-1: Ball
2-1: Swinging Strike
2-2: Ball
3-2: Foul Ball, location: 2F
3-2: Foul Ball, location: 2F
3-2: Base on Balls
Batting: LHB Marcos Villarreal 0-0: Ball
1-0: Called Strike
1-1: Foul Ball, location: 2F
1-2: Foul Ball, location: 2F
1-2: Ball
2-2: Ball
3-2: Strikes out swinging
Top of the 6th over - 0 run(s), 0 hit(s), 0 error(s), 1 left on base; Tuscaloosa 1 - Havana 1
BOTTOM OF THE 6TH
Havana Rollers batting - Pitching for Tuscaloosa Trout Slayers : RHP Fernando Rodríguez
Batting: LHB Phil Smith 0-0: Called Strike
0-1: Ground out 6-3 (Groundball, 6)
Batting: RHB Chad Case 0-0: Ball
1-0: Ball
2-0: Called Strike
2-1: Swinging Strike
2-2: SINGLE (Groundball, 56) (infield hit)
Batting: RHB Francisco Rincón 0-0: Ball
Chad Case is caught stealing 2nd base
1-0: Called Strike
1-1: Called Strike
1-2: SINGLE (Groundball, 6MD)
Batting: LHB Dave Gordon 0-0: Swinging Strike
0-1: Ball
1-1: DOUBLE (Groundball, 3L)
Francisco Rincón to third
Batting: LHB Juan Romero 0-0: Called Strike
0-1: Ball
1-1: Ball
2-1: Ground out 4-3 (Groundball, 4S)
Bottom of the 6th over - 0 run(s), 3 hit(s), 0 error(s), 2 left on base; Tuscaloosa 1 - Havana 1
TOP OF THE 7TH
Tuscaloosa Trout Slayers batting - Pitching for Havana Rollers : RHP Fernando Castillo
Pinch Hitting: LHB Dave Watt 0-0: Called Strike
0-1: Ball
1-1: Ball
2-1: Foul Ball, location: 2F
2-2: Strikes out looking
Batting: RHB José Ortega 0-0: Ground out 6-3 (Groundball, 6)
Pinch Hitting: LHB Pat Zimmerman 0-0: Ground out 6-3 (Groundball, 56)
Top of the 7th over - 0 run(s), 0 hit(s), 0 error(s), 0 left on base; Tuscaloosa 1 - Havana 1
BOTTOM OF THE 7TH
Havana Rollers batting - Pitching for Tuscaloosa Trout Slayers : RHP Fernando Rodríguez
Now at 3B: Tucker Thomas
Now in LF: Kurt Walter
Batting: LHB Rafael Delgado 0-0: Called Strike
0-1: Called Strike
0-2: Ball
1-2: Strikes out swinging
Pitching: LHP Luis López
Batting: RHB Jack Bailey 0-0: Ball
1-0: Ball
2-0: Ground out 6-3 (Groundball, 6)
Batting: SHB Chris Bennis 0-0: Called Strike
0-1: Ground out 6-3 (Groundball, 6)
Bottom of the 7th over - 0 run(s), 0 hit(s), 0 error(s), 0 left on base; Tuscaloosa 1 - Havana 1
TOP OF THE 8TH
Tuscaloosa Trout Slayers batting - Pitching for Havana Rollers : RHP Fernando Castillo
Pitching: RHP Alejandro Pérez
Batting: RHB Tetsunori Ito 0-0: Called Strike
0-1: Swinging Strike
0-2: Ball
1-2: Strikes out swinging
Batting: RHB Lowie van den Bogaert 0-0: Swinging Strike
0-1: Called Strike
0-2: Strikes out swinging
Batting: RHB Pat Fullerton 0-0: Called Strike
0-1: Ball
1-1: Ball
2-1: Ball
3-1: Called Strike
3-2: Foul Ball, location: 2F
3-2: Fly out, F7 (Flyball, 7)
Top of the 8th over - 0 run(s), 0 hit(s), 0 error(s), 0 left on base; Tuscaloosa 1 - Havana 1
BOTTOM OF THE 8TH
Havana Rollers batting - Pitching for Tuscaloosa Trout Slayers : LHP Luis López
Pinch Hitting: RHB Paul Bailey 0-0: Ground out 6-3 (Groundball, 6)
Batting: LHB Phil Smith 0-0: Ball
1-0: Called Strike
1-1: Ball
2-1: Ball
3-1: Fly out, F4 (Line Drive, 4M)
Batting: RHB Chad Case 0-0: Ball
1-0: Ball
2-0: Foul Ball, location: 2F
2-1: Ball
3-1: Swinging Strike
3-2: Strikes out swinging
Bottom of the 8th over - 0 run(s), 0 hit(s), 0 error(s), 0 left on base; Tuscaloosa 1 - Havana 1
TOP OF THE 9TH
Tuscaloosa Trout Slayers batting - Pitching for Havana Rollers : RHP Alejandro Pérez
Pitching: RHP Augusto Muñíz
Now in LF: Paul Bailey
Batting: LHB António Cedeño 0-0: SOLO HOME RUN (Flyball, 9D), Distance : 387 ft
Batting: RHB Ben Morton 0-0: Ground out 5-3 (Groundball, 56)
Batting: LHB Marcos Villarreal 0-0: Ball
1-0: Swinging Strike
1-1: Foul Ball, location: 2F
1-2: Foul Ball, location: 2F
1-2: Foul Ball, location: 2F
1-2: Strikes out swinging
Batting: SHB Tucker Thomas 0-0: Called Strike
0-1: Called Strike
0-2: Ball
1-2: Ball
2-2: Strikes out swinging
Top of the 9th over - 1 run(s), 1 hit(s), 0 error(s), 0 left on base; Tuscaloosa 2 - Havana 1
BOTTOM OF THE 9TH
Havana Rollers batting - Pitching for Tuscaloosa Trout Slayers : LHP Luis López
Pitching: RHP Juan Patino
Pinch Hitting: LHB Jimmy Husted 0-0: Ball
1-0: Foul Ball, location: 2F
1-1: Ground out 1-3 (Groundball, 13S)
Batting: LHB Dave Gordon 0-0: Swinging Strike
0-1: Foul Ball, location: 2F
0-2: Ball
1-2: Ball
2-2: Ground out 3-1 (Groundball, 34S)
Batting: LHB Juan Romero 0-0: Called Strike
0-1: Swinging Strike
0-2: Fly out, F8 (Flyball, 8RM)
Bottom of the 9th over - 0 run(s), 0 hit(s), 0 error(s), 0 left on base; Tuscaloosa 2 - Havana 1
Thursday, March 30th, 2017 - OOTP Baseball 17.12 Build 75